 Dungeon Crawl Stone Soup version 0.25-b1-37-g2669288c55 (webtiles) character file.

Game seed: 16700179599265563197

100 gruber the Conjurer (level 4, -1/24 HPs)
             Began as a Deep Elf Conjurer on June 5, 2020.
             Killed by divine providence
             ... invoked by an orc priest
              (16 damage)
             ... on level 3 of the Dungeon.
             The game lasted 00:02:30 (1636 turns).

gruber the Conjurer (Deep Elf Conjurer)             Turns: 1636, Time: 00:02:31

Health: -1/24      AC:  2    Str:  5    XL:     4   Next: 46%
Magic:  6/12       EV: 13    Int: 21    God:
Gold:   53         SH:  0    Dex: 15    Spells: 8/11 levels left

rFire    . . .     SeeInvis .   (no weapon)
rCold    . . .     Gourm    .   (no shield)
rNeg     . . .     Faith    .   a - +0 robe
rPois    .         Spirit   .   (no helmet)
rElec    .         Reflect  .   (no cloak)
rCorr    .         Harm     .   (no gloves)
MR       .....                  (no boots)
Stlth    ++........             (no amulet)
HPRegen  0.08/turn              (no ring)
MPRegen  0.13/turn              (no ring)

@: no status effects
A: no striking features
a: no special abilities


You were on level 3 of the Dungeon.
You were not hungry.

You visited 1 branch of the dungeon, and saw 3 of its levels.

You collected 53 gold pieces.

Inventory:

Armour
 a - a +0 robe (worn)
Scrolls
 b - 2 scrolls of identify {unknown}
 d - a scroll of amnesia {unknown}
 e - a scroll of enchant armour {unknown}
 h - a scroll of remove curse {unknown}
 i - a scroll of teleportation {unknown}
Potions
 g - a potion of lignification {unknown}
Comestibles
 c - 2 rations
 f - 2 chunks of flesh


   Skills:
 - Level 2.4 Dodging
 - Level 2.4 Stealth
 + Level 4.2 Spellcasting
 + Level 6.0 Conjurations


You had 8 spell levels left.
You knew the following spells:

 Your Spells              Type           Power        Failure   Level  Hunger
a - Magic Dart            Conj           ####         1%          1    None
b - Searing Ray           Conj           ####..       1%          2    #......

Your spell library contained the following spells:

 Spells                   Type           Power        Failure   Level  Hunger
 Dazzling Flash           Conj/Hex       ###...       10%         3    ###....
 Fulminant Prism          Conj/Hex       ###.......   32%         4    ####...
 Iskenderun's Mystic Bla  Conj/Tloc      ###.....     32%         4    ####...


Dungeon Overview and Level Annotations

Branches:
Dungeon (2/15)

Altars:


Message History

(Press . to maintain the ray.) Unknown command.
The searing ray hits the orc.
You kill the orc!
An orc priest comes into view. It is wielding a +0 club.
The searing ray hits the orc!
You kill the orc!
The searing ray hits the orc!
You kill the orc!
The searing ray hits the orc!
You kill the orc!
You finish channeling your searing ray.
The orc priest mumbles some strange prayers to Beogh against you.
Beogh smites you!
Ouch! That really hurt!
Unknown command.
The orc priest invokes the aid of Beogh against you.
Beogh smites you!
Ouch! That really hurt!
You die...

..#.............#.##....#
###.##.###.####.#.##....#
#...o###.####....'....#
####..o......##.##....#
######.##.........##....#
.......##..###.##.#####.#
#########..###.##.# #.#
#....)o...##.# #.#
####.......@.# #.#
########### #.####.####
#.......... ######.####


You could see an orc priest.

Vanquished Creatures
  An orc priest (D:3)
  An adder (D:3)
  2 worms (D:3)
  2 dart slugs (D:1)
  2 leopard geckos
  5 orcs (D:3)
  4 bats (D:1)
  2 giant cockroaches
  3 hobgoblins (D:1)
  3 jackals (D:1)
  3 kobolds (D:1)
  2 frilled lizards (D:1)
  7 goblins
  6 rats
43 creatures vanquished.

Notes
Turn   | Place    | Note
-------+----------+-------------------------------------------
     0 | D:1      | gruber the Deep Elf Conjurer began the quest for the Orb.
     0 | D:1      | Reached XP level 1. HP: 10/10 MP: 6/6
    16 | D:1      | Noticed a minotaur skeleton
   183 | D:1      | Reached XP level 2. HP: 15/15 MP: 6/8
   299 | D:1      | Reached skill level 5 in Conjurations
   419 | D:1      | Learned a level 2 spell: Searing Ray
   630 | D:1      | Reached XP level 3. HP: 19/19 MP: 6/9
  1115 | D:2      | You fall into a shaft and drop 1 floor!
  1602 | D:3      | Reached skill level 6 in Conjurations
  1602 | D:3      | Reached XP level 4. HP: 24/24 MP: 8/12
  1636 | D:3      | Killed from afar by an orc priest

Illustrated notes

Levels and vault maps discovered:
D:1:      shiori_arrival_whats_in_store_for_you, layout_basic
D:2:      layout_basic, serial_forest, infiniplex_forest_clump_tiny,
          infiniplex_forest_lined_room_3, infiniplex_forest_lined_corner,
          infiniplex_forest_side_room, infiniplex_forest_straight_2,
          infiniplex_forest_clump_double, infiniplex_forest_clump_diagonal,
          corexii_leaking_fountain
D:3:      layout_basic, grunt_temple_overflow_cloverleaf, st_stairs_9

Skill      XL: |  1  2  3 |
---------------+----------+-----
Conjurations   | 5 6 |  6.0
Spellcasting   | 4 |  4.2
Dodging        | |  2.4
Stealth        | |  2.4

Action                   |  1- 3 |  4- 6 || total
-------------------------+-------+-------++-------
 Cast: Magic Dart        |    42 |       ||    42
       Searing Ray       |    13 |     1 ||    14
  Eat: Chunk             |     2 |       ||     2
Dodge: Dodged            |     5 |       ||     5
